 Dungeon Crawl Stone Soup version 0.29.1-2-gbd0b4ee654 (webtiles) character file.

Game seed: 17299682104481720689

26 RascalDebosk the Magician (level 3, -1/27 HPs)
             Began as a Djinni Air Elementalist on Oct 24, 2022.
             Killed by their own static electricity (3 damage)
             ... on level 1 of the Dungeon.
             The game lasted 00:04:13 (1302 turns).

RascalDebosk the Magician (Djinni Air Elementalist) Turns: 1302, Time: 00:04:14

Health: -1/27      AC:  2    Str:  7    XL:     3   Next: 22%
Gold:   44         EV: 12    Int: 24    God:
                   SH:  0    Dex: 13

rFire   + + .      SeeInvis .   c - +0 falchion
rCold   x . .      Faith    .   (no shield)
rNeg    . . .      Spirit   .   a - +0 robe
rPois   ∞          Reflect  .   (no helmet)
rElec   .          Harm     .   (no cloak)
rCorr   .          Rampage  .   (no gloves)
Will    .....                   (boots unavailable)
Stlth   ++........              (no amulet)
HPRegen 0.09/turn               f - +6 ring of intelligence
MPRegen 0.00/turn               (no ring)

@: flying, very slightly contaminated
A: sickness immunity, fire resistance 2, cold vulnerability 1, float, innate
caster, HP casting, extra vitality 1
a: no special abilities


You were on level 1 of the Dungeon.
You visited 1 branch of the dungeon, and saw 1 of its levels.

You collected 44 gold pieces.

Inventory:

Hand Weapons
 c - a +0 falchion (weapon)
Missiles
 g - a throwing net {@!f}
Armour
 a - a +0 robe (worn)
Jewellery
 f - a +6 ring of intelligence (left hand)
Scrolls
 i - a scroll of identify {unknown}
Potions
 b - 2 potions of flight {unknown}
 d - a potion of degeneration {unknown}
 e - 3 potions of curing {unknown}
 h - a potion of resistance {unknown}


   Skills:
 + Level 1.2 Fighting
 - Level 2.1 Dodging
 - Level 1.5 Stealth
 * Level 3.0 Spellcasting


You couldn't memorise any spells.
You knew the following spells:

 Your Spells              Type           Power      Damage    Failure   Level
a - Shock                 Conj/Air       72%        1d7       3%          1
b - Static Discharge      Conj/Air       18%        3-6/arc   4%          2
c - Swiftness             Air            18%        N/A       10%         3
d - Airstrike             Air            9%         2d(2-18)  30%         4
e - Summon Small Mammal   Summ           72%        N/A       3%          1
Your spell library was empty.

Dungeon Overview and Level Annotations

Branches:
Dungeon (1/15)

Altars:


Innate Abilities, Weirdness & Mutations

You are immune to sickness and miasma.
You are immune to poison.
Your flesh is very heat resistant. (rF++)
You are vulnerable to cold. (rC-)
You float through the air rather than walking.
You learn spells naturally, not from books.
Your magical power is your life essence.
You have superior vitality. (+4 MHP)


Message History

Aiming: Shock (safe; 3% risk of failure)
Press: ? - help, Q - select action, (/) - cycle Shift-Dir - straight line The zap hits the endoplasm.
The endoplasm is heavily wounded.
The zap hits the endoplasm.
The endoplasm is severely wounded.
The endoplasm freezes you.
You are frozen.
You feel a terrible chill!
Aiming: Shock (safe; 3% risk of failure)
Press: ? - help, Q - select action, (/) - cycle Shift-Dir - straight line The zap hits the endoplasm.
You kill the endoplasm!
There is an open door here.
There is an open door here.
e - 3 viscous coppery potions (gained 1)
i - a scroll labelled KEILES JOUCK A giant cockroach comes into view.
Aiming: Shock (safe; 3% risk of failure)
Press: ? - help, Q - select action, (/) - cycle Shift-Dir - straight line, f - giant cockroach
Aim: a giant cockroach (asleep, 100% to hit)
The zap hits the giant cockroach.
The giant cockroach is almost dead.
The giant cockroach waves its antennae.
A giant cockroach is nearby!
Aiming: Shock (safe; 3% risk of failure)
Press: ? - help, Q - select action, (/) - cycle Shift-Dir - straight line, f/p - giant cockroach
Aim: a giant cockroach (severely wounded, 71% to hit)
The zap hits the giant cockroach.
You kill the giant cockroach!
You reach down and open the door.
There is an open door here.
You reach down and open the door.
As you open the door, it creaks loudly!
There is an open door here.
There is an open door here.
There is an open door here.
You see here a +0 dagger.
You see here a +0 dagger.
The orc shouts! x2; You hear a bark!
You hear a shout! x2
The ball python hisses angrily.
The orc shouts!
The orc shouts!
The jackal barks!
You hear a shout!
The orc shouts!
The hobgoblin shouts!
The jackal barks!
You hear a shout!
The orc shouts!
You reach down and open the large door.
The jackal pauses to sniff the ground.
The jackal bites you but does no damage.
The jackal bites you.
Casting: Shock (safe; 3% risk of failure)
Confirm with . or Enter, or press ? or * to list all spells.
The orc is struck by an arc of lightning.
The orc is moderately wounded.
The jackal is struck by an arc of lightning.
You kill the jackal!
The goblin is struck by an arc of lightning!
You kill the goblin!
The lightning grounds out.
The orc hits you with a +0 falchion.
Your Spellcasting skill increases to level 3!
You have reached level 3!
Your experience leads to an increase in your attributes!
Your base attributes are Str 7, Int 16, Dex 13.
Increase (s)trength, (i)ntelligence, or (d)exterity?
You feel clever. x2
The power to cast Summon Small Mammal wells up from within.
Spell assigned to 'e'.
Casting: Static Discharge (safe; 4% risk of failure)
Confirm with . or Enter, or press ? or * to list all spells.
The orc barely misses you. The orc hits you with a +0 falchion.
* * * LOW HITPOINT WARNING * * *
Casting: Summon Small Mammal (safe; 3% risk of failure)
Confirm with . or Enter, or press ? or * to list all spells.
The orc is struck by an arc of lightning.
The orc is almost dead.
The orc is struck by an arc of lightning!
You kill the orc!
Something is struck by an arc of lightning.
The orc is struck by an arc of lightning.
The orc is heavily wounded.
The lightning grounds out.
* * * LOW HITPOINT WARNING * * *
Your bat hits the orc.
The orc dies!
Your bat barely misses the orc.
The orc barely misses your bat.
Casting: Static Discharge (safe; 4% risk of failure)
Confirm with . or Enter, or press ? or * to list all spells.
Really attack your bat?
You miscast Static Discharge.
You are very lightly contaminated with residual magic.
Nothing appears to happen.
* * * LOW HITPOINT WARNING * * *
Your bat hits the orc. x2; The orc barely misses your bat.
Your bat barely misses the orc.
The orc hits you with a +0 whip.
* * * LOW HITPOINT WARNING * * *
The orc closely misses you.
Casting: Static Discharge (safe; 4% risk of failure)
Confirm with . or Enter, or press ? or * to list all spells.
Really attack your bat?
Your bat is struck by an arc of lightning.
Your bat is severely wounded.
You are struck by an arc of lightning.
You die...

###########################......
#...#......[..............#.#####
..#.#..#....#.............#......
#..#..##...#........###...#.#####
..##.......#..........)...#.#
...#..#..##....########...#.#
.#..##...#....## g...#...#.#
#......#.....#####o...#...#.#
.....##......8.#@#..(.#.....#
..#............boohoo.#...#.#
.#..#..##.......oogS..#...#.#
...#...#.....8.#.#.⌠..#...#.#
..†#.#.......#####....#...#.#
....##....##..## ....#...#.#
...#....#...#..########...#.#
##.....##.................#.#
###########################.#


You could see 6 orcs, a jackal, a hobgoblin, a ball python and a friendly bat
(summoned).

Vanquished Creatures
  An orc (D:1)
  4 ball pythons (D:1)
  2 bats (D:1)
  An endoplasm (D:1)
  2 giant cockroaches (D:1)
  2 goblins (D:1)
  A hobgoblin (D:1)
  A jackal (D:1)
  A kobold (D:1)
  2 frilled lizards (D:1)
  3 rats (D:1)
20 creatures vanquished.

Vanquished Creatures (collateral kills)
  An orc (D:1)
1 creature vanquished.

Grand Total: 21 creatures vanquished

Notes
Turn   | Place    | Note
-------+----------+-------------------------------------------
     0 | D:1      | RascalDebosk the Djinni Air Elementalist began the quest
                  | for the Orb.
     0 | D:1      | RascalDebosk set off with the following spells memorised:
                  | Shock, Static Discharge, Swiftness, Airstrike.
     0 | D:1      | Reached XP level 1. HP: 15/15 MP: 0/0
    36 | D:1      | Found a large runed translucent door.
    36 | D:1      | Found a large runed translucent door.
   301 | D:1      | Reached XP level 2. HP: 21/22 MP: 0/0
   563 | D:1      | Reached skill level 1 in Fighting
  1299 | D:1      | Reached skill level 3 in Spellcasting
  1299 | D:1      | Reached XP level 3. HP: 16/27 MP: 0/0
  1299 | D:1      | Learned a level 1 spell: Summon Small Mammal
  1302 | D:1      | Killed from afar by themself

Illustrated notes

Levels and vault maps discovered:
D:1:      erik_arrival_cave_to_civilisation [erik_arrival_cave_to_temple],
          layout_basic

Skill      XL: |  1  2 |
---------------+-------+-----
Fighting       | 1 |  1.2
Spellcasting   | 3 |  3.0
Dodging        | |  2.1
Stealth        | |  1.5

Action                   || total
-------------------------++-------
 Cast: Shock             ||    26
       Static Discharge  ||     2
       Summon Small Mamm ||     1
Armor: Robe              ||     1
Dodge: Dodged            ||     2
